SL
ATHLETIC CLUB KC @ LAS VEGAS FLAMINGOS
09/23/2031
 
TOP OF THE 1ST
Athletic Club KC batting - Pitching for Las Vegas Flamingos : LHP Luis Peña
Pitching: LHP Luis Peña
Batting: RHB Khal Drogo 0-0: Called Strike
0-1: Foul Ball, location: 2F
0-2: Foul Ball, location: 2F
0-2: Ball
1-2: Ball
2-2: Fly out, F8 (Flyball, 8RS)
Batting: RHB Pil-joong Pak 0-0: Ball
1-0: Foul Ball, location: 2F
1-1: Foul Ball, location: 2F
1-2: DOUBLE (Line Drive, 9D)
Batting: SHB Pedro Vázquez 0-0: Fly out, F7 (Line Drive, 7D)
Batting: RHB Jesús Vargas 0-0: Swinging Strike
0-1: Swinging Strike
0-2: Ball
1-2: Ball
2-2: Ball
3-2: Ground out 6-3 (Groundball, 6)
Top of the 1st over - 0 runs, 1 hit, 0 errors, 1 left on base; Athletic Club KC 0 - Las Vegas 0
BOTTOM OF THE 1ST
Las Vegas Flamingos batting - Pitching for Athletic Club KC : RHP Stanley Yelnats
Pitching: RHP Stanley Yelnats
Batting: RHB Xavier Hernández 0-0: Ball
1-0: SINGLE (Groundball, 56D)
Batting: RHB Sake van Arem 0-0: Called Strike
0-1: Swinging Strike
0-2: Foul Ball, location: 2F
0-2: Ball
1-2: Foul Ball, location: 2F
1-2: Ball
2-2: Fielders Choice at 2nd, 4-6 (Groundball, 4)
Batting: LHB Victor Adams 0-0: Called Strike
0-1: Foul Ball, location: 2F
0-2: Ball
1-2: Ball
2-2: Ball
Wild Pitch!
Sake van Arem to second
3-2: Foul Ball, location: 2F
3-2: SINGLE (Line Drive, 4M)
Sake van Arem to third
Batting: RHB Sergio Ortíz 0-0: Foul Ball, location: 2F
0-1: Foul Ball, location: 2F
0-2: Grounds into double play, 1-6-3 (Groundball, P)
Bottom of the 1st over - 0 runs, 2 hits, 0 errors, 1 left on base; Athletic Club KC 0 - Las Vegas 0
TOP OF THE 2ND
Athletic Club KC batting - Pitching for Las Vegas Flamingos : LHP Luis Peña
Batting: RHB Andrés Rodríguez 0-0: Called Strike
0-1: Fly out, F8 (Line Drive, 78M)
Batting: RHB Lúcio López 0-0: Foul Ball, location: 2F
0-1: Ball
1-1: Called Strike
1-2: Ground out 6-3 (Groundball, 6)
Batting: LHB Tsai Ng 0-0: Called Strike
0-1: Called Strike
0-2: Fly out, F8 (Flyball, 8LS)
Top of the 2nd over - 0 runs, 0 hits, 0 errors, 0 left on base; Athletic Club KC 0 - Las Vegas 0
BOTTOM OF THE 2ND
Las Vegas Flamingos batting - Pitching for Athletic Club KC : RHP Stanley Yelnats
Batting: LHB Ruud van Ineveld 0-0: Ball
1-0: Called Strike
1-1: Ball
2-1: Called Strike
2-2: Ball
3-2: Foul Ball, location: 2F
3-2: Base on Balls
Batting: RHB Sotaro Sakata 0-0: Ball
Ruud van Ineveld steals 2nd base
1-0: Ball
2-0: Fly out, F7 (Flyball, 7)
Batting: RHB Daniel Maldonado 0-0: Called Strike
0-1: Ball
1-1: Swinging Strike
1-2: Ball
2-2: Foul Ball, location: 2F
2-2: Foul Ball, location: 2F
2-2: Fly out, F8 (Flyball, 8RXD)
Runner from 2nd tags up, SAFE at 3rd, no throw
Batting: RHB Arsenio Laurel 0-0: Ball
1-0: Foul Ball, location: 2F
1-1: SINGLE (Line Drive, 7LS)
Ruud van Ineveld scores
Batting: SHB Kunimichi Chikafuji 0-0: Ball
1-0: Ball
2-0: Foul Ball, location: 2F
2-1: Fielders Choice at 2nd, 5-4 (Groundball, 5)
Bottom of the 2nd over - 1 run, 1 hit, 0 errors, 1 left on base; Athletic Club KC 0 - Las Vegas 1
TOP OF THE 3RD
Athletic Club KC batting - Pitching for Las Vegas Flamingos : LHP Luis Peña
Batting: RHB Pedro Solís 0-0: Ball
1-0: Foul Ball, location: 2F
1-1: Ball
2-1: Called Strike
2-2: Strikes out swinging
Batting: RHB Andrés Medina 0-0: Ball
1-0: Fly out, F4 (Line Drive, 4M)
Batting: RHB Khal Drogo 0-0: Called Strike
0-1: Ball
1-1: Ball
2-1: Ball
3-1: Called Strike
3-2: Fly out, F5 (Line Drive, 5S)
Top of the 3rd over - 0 runs, 0 hits, 0 errors, 0 left on base; Athletic Club KC 0 - Las Vegas 1
BOTTOM OF THE 3RD
Las Vegas Flamingos batting - Pitching for Athletic Club KC : RHP Stanley Yelnats
Batting: RHB Xavier Hernández 0-0: Foul Ball, location: 2F
0-1: Ball
1-1: Ball
2-1: Foul Ball, location: 2F
2-2: SOLO HOME RUN (Flyball, 7LD), Distance : 352 ft
Batting: RHB Sake van Arem 0-0: Called Strike
0-1: Foul Ball, location: 2F
0-2: Ball
1-2: Ground out 4-3 (Groundball, 4)
Batting: LHB Victor Adams 0-0: Called Strike
0-1: Foul Ball, location: 2F
0-2: Hit by Pitch
Batting: RHB Sergio Ortíz 0-0: Called Strike
0-1: Ball
1-1: Swinging Strike
Passed Ball!
Victor Adams to second
1-2: 2-RUN HOME RUN (Flyball, 7D), Distance : 406 ft
Batting: LHB Ruud van Ineveld 0-0: Ball
1-0: Ground out 4-3 (Groundball, 4)
Batting: RHB Sotaro Sakata 0-0: Foul Ball, location: 2F
0-1: Called Strike
0-2: Ground out 5-3 (Groundball, 5)
Bottom of the 3rd over - 3 runs, 2 hits, 0 errors, 0 left on base; Athletic Club KC 0 - Las Vegas 4
TOP OF THE 4TH
Athletic Club KC batting - Pitching for Las Vegas Flamingos : LHP Luis Peña
Batting: RHB Pil-joong Pak 0-0: Ball
1-0: Called Strike
1-1: Called Strike
1-2: Foul Ball, location: 2F
1-2: Foul Ball, location: 2F
1-2: Foul Ball, location: 2F
1-2: Ball
2-2: Fly out, F8 (Flyball, 89XD)
Batting: SHB Pedro Vázquez 0-0: Ball
1-0: Foul Ball, location: 2F
1-1: Ground out 4-3 (Groundball, 4)
Batting: RHB Jesús Vargas 0-0: Hit by Pitch
Batting: RHB Andrés Rodríguez 0-0: Ball
1-0: Ball
2-0: Ball
3-0: Called Strike
3-1: Base on Balls
Jesús Vargas to second
Batting: RHB Lúcio López 0-0: SINGLE (Line Drive, 78S)
Jesús Vargas to third
Andrés Rodríguez to second
Runner from 3rd tries for Home, SAFE, throw made at trailing runner, OUT at third!
Top of the 4th over - 1 run, 1 hit, 0 errors, 1 left on base; Athletic Club KC 1 - Las Vegas 4
BOTTOM OF THE 4TH
Las Vegas Flamingos batting - Pitching for Athletic Club KC : RHP Stanley Yelnats
Batting: RHB Daniel Maldonado 0-0: Ball
1-0: Ball
2-0: Foul Ball, location: 2F
2-1: Foul Ball, location: 2F
2-2: Strikes out swinging
Batting: RHB Arsenio Laurel 0-0: Ball
1-0: Ball
2-0: SINGLE (Line Drive, 8LS)
Batting: SHB Kunimichi Chikafuji 0-0: Called Strike
0-1: Ball
1-1: Fly out, F7 (Line Drive, 7S)
Batting: RHB Xavier Hernández 0-0: Ball
1-0: SINGLE (Line Drive, 56D)
Arsenio Laurel to second
Batting: RHB Sake van Arem 0-0: Called Strike
0-1: Ball
1-1: Ball
2-1: Ground out 1-3 (Groundball, P)
Bottom of the 4th over - 0 runs, 2 hits, 0 errors, 2 left on base; Athletic Club KC 1 - Las Vegas 4
TOP OF THE 5TH
Athletic Club KC batting - Pitching for Las Vegas Flamingos : LHP Luis Peña
Batting: LHB Tsai Ng 0-0: Ball
1-0: Ground out 6-3 (Groundball, 6)
Batting: RHB Pedro Solís 0-0: Ball
1-0: Foul Ball, location: 2F
1-1: Ball
2-1: Ball
3-1: SINGLE (Groundball, 56D)
Batting: RHB Andrés Medina 0-0: Ball
1-0: Grounds into double play, 5-4-3 (Groundball, 56)
Top of the 5th over - 0 runs, 1 hit, 0 errors, 0 left on base; Athletic Club KC 1 - Las Vegas 4
BOTTOM OF THE 5TH
Las Vegas Flamingos batting - Pitching for Athletic Club KC : RHP Stanley Yelnats
Batting: LHB Victor Adams 0-0: Called Strike
0-1: Fly out, F6 (Flyball, 6D)
Batting: RHB Sergio Ortíz 0-0: SINGLE (Groundball, 4MD)
Batting: LHB Ruud van Ineveld 0-0: Fly out, F9 (Flyball, 9D)
Batting: RHB Sotaro Sakata 0-0: SINGLE (Groundball, 34S) (infield hit)
Sergio Ortíz to second
Batting: RHB Daniel Maldonado 0-0: Foul Ball, location: 2F
0-1: Ground out 6-3 (Groundball, 6S)
Bottom of the 5th over - 0 runs, 2 hits, 0 errors, 2 left on base; Athletic Club KC 1 - Las Vegas 4
TOP OF THE 6TH
Athletic Club KC batting - Pitching for Las Vegas Flamingos : LHP Luis Peña
Batting: RHB Khal Drogo 0-0: Ball
1-0: Foul Ball, location: 2F
1-1: SINGLE (Flyball, 9LM)
Batting: RHB Pil-joong Pak 0-0: Sac Bunt - play at first, batter OUT! 3-4
Khal Drogo to second
Batting: SHB Pedro Vázquez 0-0: Ball
1-0: SINGLE (Line Drive, 34)
Khal Drogo to third
Runner from 3rd tries for Home, throw and OUT!
Batting: RHB Jesús Vargas 0-0: Ball
1-0: Swinging Strike
1-1: Ball
Pedro Vázquez is caught stealing 2nd base
Top of the 6th over - 0 runs, 2 hits, 0 errors, 0 left on base; Athletic Club KC 1 - Las Vegas 4
BOTTOM OF THE 6TH
Las Vegas Flamingos batting - Pitching for Athletic Club KC : RHP Stanley Yelnats
Batting: RHB Arsenio Laurel 0-0: Called Strike
0-1: Ball
1-1: Ball
2-1: Ground out 6-3 (Groundball, 6)
Batting: SHB Kunimichi Chikafuji 0-0: Swinging Strike
0-1: Swinging Strike
0-2: Ball
1-2: Ball
2-2: Foul Ball, location: 2F
2-2: Ground out 4-3 (Groundball, 4)
Batting: RHB Xavier Hernández 0-0: Swinging Strike
0-1: Ball
1-1: Ball
2-1: Ground out 6-3 (Groundball, 6)
Bottom of the 6th over - 0 runs, 0 hits, 0 errors, 0 left on base; Athletic Club KC 1 - Las Vegas 4
TOP OF THE 7TH
Athletic Club KC batting - Pitching for Las Vegas Flamingos : LHP Luis Peña
Batting: RHB Jesús Vargas 0-0: Ball
1-0: Ball
2-0: Foul Ball, location: 2F
2-1: Ball
3-1: Reached via error on a dropped throw, E1
Batting: RHB Andrés Rodríguez 0-0: Ball
1-0: Called Strike
1-1: Reached on error, E9 (Flyball, 9S)
Jesús Vargas to second
Batting: RHB Lúcio López 0-0: Ball
1-0: Called Strike
1-1: Grounds into double play, 6-4-3 (Groundball, 56)
Jesús Vargas to third
Batting: LHB Tsai Ng 0-0: Ball
1-0: Called Strike
1-1: Called Strike
1-2: Strikes out swinging
Top of the 7th over - 0 runs, 0 hits, 2 errors, 1 left on base; Athletic Club KC 1 - Las Vegas 4
BOTTOM OF THE 7TH
Las Vegas Flamingos batting - Pitching for Athletic Club KC : RHP Stanley Yelnats
Batting: RHB Sake van Arem 0-0: Ball
1-0: Called Strike
1-1: Ball
2-1: Ball
3-1: SINGLE (Groundball, 15) (infield hit)
Batting: LHB Victor Adams 0-0: Foul Ball, location: 2F
0-1: Ball
1-1: Ball
2-1: DOUBLE (Groundball, 3L)
Sake van Arem to third
Pitching: RHP Fred Pitts
Batting: RHB Sergio Ortíz 0-0: Called Strike
0-1: Called Strike
0-2: Strikes out swinging
Batting: LHB Ruud van Ineveld 0-0: Intentional Walk
Batting: RHB Sotaro Sakata 0-0: Ball
1-0: Ball
2-0: Called Strike
2-1: Grounds into fielders choice 1-2 (Groundball, 13)
Victor Adams to third
Ruud van Ineveld to second
Batting: RHB Daniel Maldonado 0-0: Called Strike
0-1: Foul Ball, location: 2F
0-2: Ball
1-2: Foul Ball, location: 2F
1-2: Ball
2-2: SINGLE (Line Drive, 8RS)
Victor Adams scores
Ruud van Ineveld to third
Sotaro Sakata to second
Runner from 3rd tries for Home, SAFE, no throw
Batting: RHB Arsenio Laurel 0-0: Fielders Choice at 2nd, 5-4 (Groundball, 56)
Bottom of the 7th over - 2 runs, 3 hits, 0 errors, 2 left on base; Athletic Club KC 1 - Las Vegas 6
TOP OF THE 8TH
Athletic Club KC batting - Pitching for Las Vegas Flamingos : LHP Luis Peña
Now at C: Jeff Young
Batting: RHB Pedro Solís 0-0: Ball
1-0: Foul Ball, location: 2F
1-1: DOUBLE (Line Drive, 7LM)
Batting: RHB Andrés Medina 0-0: Called Strike
0-1: Ball
1-1: Foul Ball, location: 2F
1-2: Foul Ball, location: 2F
1-2: Foul Ball, location: 2F
1-2: SINGLE (Groundball, 56D)
Pedro Solís to third
Runner from 3rd tries for Home, SAFE, no throw
Batting: RHB Khal Drogo 0-0: Called Strike
0-1: Grounds into double play, 5-4-3 (Groundball, 56)
Batting: RHB Pil-joong Pak 0-0: Ball
1-0: SINGLE (Flyball, 89S)
Pitching: RHP Kyle Boddy
Batting: SHB Pedro Vázquez 0-0: Ball
1-0: Called Strike
1-1: Called Strike
1-2: Ball
2-2: Foul Ball, location: 2F
2-2: Strikes out looking
Top of the 8th over - 1 run, 3 hits, 0 errors, 1 left on base; Athletic Club KC 2 - Las Vegas 6
BOTTOM OF THE 8TH
Las Vegas Flamingos batting - Pitching for Athletic Club KC : RHP Fred Pitts
Batting: SHB Kunimichi Chikafuji 0-0: Called Strike
0-1: Ball
1-1: Ground out 6-3 (Groundball, 6)
Batting: RHB Xavier Hernández 0-0: SINGLE (Flyball, 78S)
Batting: RHB Sake van Arem 0-0: Called Strike
0-1: Foul Ball, location: 2F
0-2: Fielders Choice at 2nd, 1-6 (Groundball, P)
Batting: LHB Victor Adams 0-0: Ball
1-0: Foul Ball, location: 2F
1-1: Fly out, F9 (Flyball, 89M)
Bottom of the 8th over - 0 runs, 1 hit, 0 errors, 1 left on base; Athletic Club KC 2 - Las Vegas 6
TOP OF THE 9TH
Athletic Club KC batting - Pitching for Las Vegas Flamingos : RHP Kyle Boddy
Batting: RHB Jesús Vargas 0-0: Ball
1-0: Called Strike
1-1: SINGLE (Groundball, 6MD)
Batting: RHB Andrés Rodríguez 0-0: Ball
1-0: Ball
2-0: Ball
3-0: Called Strike
3-1: Fielders Choice at 2nd, 6-4 (Groundball, 6)
Batting: RHB Lúcio López 0-0: Ball
1-0: Swinging Strike
1-1: Swinging Strike
1-2: Ball
2-2: Strikes out swinging
Batting: LHB Tsai Ng 0-0: Foul Ball, location: 2F
0-1: Ball
1-1: Ground out 5-3 (Groundball, 25)
Top of the 9th over - 0 runs, 1 hit, 0 errors, 1 left on base; Athletic Club KC 2 - Las Vegas 6
Tuesday, June 12th, 2018 - OOTP Baseball 18.8 Build 76